 Dungeon Crawl Stone Soup version 0.27.0-1-g7a089689b8 (webtiles) character file.

Game seed: 4733334402563725951

583 sanka the Magician (level 7, -14/50 HPs)
             Began as a Djinni Fighter on Aug 5, 2021.
             Was an Initiate of Makhleb.
             Demolished by an ogre (15 damage)
             ... on level 5 of the Dungeon.
             The game lasted 00:08:59 (6434 turns).

sanka the Magician (Djinni Fighter)                 Turns: 6434, Time: 00:09:01

Health: -14/50     AC:  2    Str: 15    XL:     7   Next: 64%
Gold:   283        EV: 11    Int: 12    God:    Makhleb [......] SH:  0 Dex: 12

rFire    + + .     SeeInvis .   r - +5 battleaxe (freeze)
rCold    x . .     Faith    .   (shield currently unavailable)
rNeg     + . .     Spirit   .   n - +0 robe
rPois    ∞         Reflect  .   (no helmet)
rElec    .         Harm     .   (no cloak)
rCorr    .         Rampage  .   (no gloves)
Will     .....                  (boots unavailable)
Stlth    +.........             (no amulet)
HPRegen  0.16/turn              (no ring)
MPRegen  0.00/turn              m - ring of positive energy

@: flying
A: sickness immunity, fire resistance 2, cold vulnerability 1, float, innate
caster, hp casting, extra vitality 1
a: Renounce Religion


You were on level 5 of the Dungeon.
You worshipped Makhleb.
Makhleb was noncommittal.
You visited 2 branches of the dungeon, and saw 6 of its levels.

You collected 283 gold pieces.


Innate Abilities, Weirdness & Mutations

You are immune to sickness and miasma.
You are immune to poison.
Your flesh is very heat resistant. (rF++)
You are vulnerable to cold. (rC-)
You float through the air rather than walking.
You learn spells naturally, not from books.
Your magical power is your life essence.
You have superior vitality. (+4 HP)


   Skills:
 - Level 3.0 Fighting
 - Level 3.0 Long Blades
 - Level 3.0 Armour
 - Level 3.0 Shields
 + Level 5.3 Spellcasting


You had 10 spell levels left.
You knew the following spells:

 Your Spells              Type           Power      Damage    Failure   Level
i - Lesser Beckoning      Tloc           8%         N/A       6%          3
u - Wereblood             Tmut           16%        N/A       3%          2
y - Foxfire               Conj/Fire      64%        2x1d7     2%          1
Your spell library was empty.

Inventory:

Hand Weapons
 a - a +0 long sword
 r - a +5 battleaxe of freezing (weapon)
 t - a +4 trident
Armour
 b - a +0 scale mail
 c - a +0 kite shield
 n - a +0 robe (worn)
Jewellery
 m - a ring of positive energy (right hand)
Scrolls
 e - a scroll of enchant weapon {unknown}
 g - 3 scrolls of identify {unknown}
 h - a scroll of amnesia {unknown}
 k - 2 scrolls of fear {unknown}
 l - a scroll of brand weapon {unknown}
 o - a scroll of enchant armour {unknown}
 q - a scroll of silence {unknown}
 s - a scroll of blinking {unknown}
Potions
 d - 2 potions of might
 f - a potion of flight {unknown}
 i - 2 potions of magic {unknown}
 j - a potion of attraction {unknown}
 p - a potion of invisibility {unknown}

Dungeon Overview and Level Annotations

Branches:
Dungeon (5/15)             Temple (1/1) D:4

Altars:
Ashenzari
Fedhas
Gozag
Makhleb
Nemelex Xobeh
Okawaru
Qazlal
Vehumet
Wu Jian
Xom
Yredelemnul
Zin

Shops:
D:1

= ▒.. ▒..▒ ▒.5▒
▒..▒ ▒..▒ ..
▒..▒ ..
▒..▒▒▒▒▒.▒
▒.OR...▒.▒
▒▒Z▒▒▒.▒.▒
........▒ ▒.▒.▒
.▒▒▒▒▒▒▒▒▒▒.▒.▒
..........▒
▒▒▒▒▒▒▒.▒▒▒ ▒.▒
▒.▒ ▒.▒


You could see an ogre, a white imp and a water moccasin skeleton.


Message History

You conjure some foxfire!
The foxfire hits the water moccasin skeleton.
The water moccasin skeleton is lightly damaged.
The water moccasin skeleton bites you but does no damage.
The water moccasin skeleton bites you.
The foxfire hits the ogre.
The ogre is moderately wounded.
You conjure some foxfire!
The foxfire hits the ogre.
The ogre is moderately wounded.
The foxfire hits the ogre.
The ogre is heavily wounded.
A white imp comes into view.
The water moccasin skeleton bites you.
You conjure some foxfire!
The foxfire hits the water moccasin skeleton.
The water moccasin skeleton is lightly damaged.
The foxfire hits the ogre but does no damage.
The ogre is heavily wounded.
The ogre hits you with a +0 giant club!!
* * * LOW HITPOINT WARNING * * *
The water moccasin skeleton misses you.
The foxfire hits the ogre.
The ogre is severely wounded.
The white imp gestures at you. The puff of frost hits you!
You feel a terrible chill!
* * * LOW HITPOINT WARNING * * *
The ogre hits you with a +0 giant club!
You die...

Action                   |  1- 3 |  4- 6 |  7- 9 || total
-------------------------+-------+-------+-------++-------
Melee: Long sword        |    78 |   155 |    11 ||   244
       Battleaxe         |       |       |     4 ||     4
 Cast: Foxfire           |       |    18 |    50 ||    68
Armor: Scale mail        |    55 |    63 |       ||   118
       Robe              |       |     6 |     5 ||    11
Dodge: Dodged            |    28 |    46 |    14 ||    88
Block: Kite shield       |    37 |    48 |       ||    85
       Rpst.: Long sword |    10 |    15 |     2 ||    27

Levels and vault maps discovered:
D:1:      nzn_arrival_crosshair, layout_loops_ring, serial_shops, shop,
          shapermc_ecumenical_altar_mp_highgroup, chequers_serial_rivers_micro_a
D:2:      layout_loops_cross, minmay_gold_behind_fungi
D:3:      minmay_door_path, layout_loops_ring,
          chequers_temple_overflow_statue_of_worship
D:4:      layout_cave_pools, mainiacjoe_overflow_small_starburst, temple_statues
D:5:      cheibrodos_helix_gallery, layout_basic
Temple:   regret_index_temple_generic_petals

Notes
Turn   | Place    | Note
-------+----------+-------------------------------------------
     0 | D:1      | sanka the Djinni Fighter began the quest for the Orb.
     0 | D:1      | Reached XP level 1. HP: 20/20 MP: 0/0
    75 | D:1      | Reached skill level 2 in Long Blades
   113 | D:1      | Reached XP level 2. HP: 25/25 MP: 0/0
   152 | D:1      | Found Wing's Jewellery Shoppe.
   206 | D:1      | Found a faded altar of an unknown god.
   456 | D:1      | Reached XP level 3. HP: 27/30 MP: 0/0
   456 | D:1      | Learned a level 1 spell: Foxfire
   524 | D:1      | Reached skill level 3 in Long Blades
  1152 | D:2      | Reached skill level 1 in Spellcasting
  1277 | D:2      | Reached XP level 4. HP: 27/35 MP: 0/0
  1614 | D:2      | Reached skill level 2 in Spellcasting
  2108 | D:2      | Reached XP level 5. HP: 31/40 MP: 0/0
  2108 | D:2      | Learned a level 2 spell: Wereblood
  2826 | D:3      | Found a shimmering altar of Xom.
  2826 | D:3      | Found a glowing silver altar of Zin.
  3058 | D:3      | Reached skill level 3 in Spellcasting
  3275 | D:3      | Noticed an ice beast
  3410 | D:3      | Killed an ice beast
  3411 | D:3      | Reached XP level 6. HP: 11/46 MP: 0/0
  3705 | D:3      | Reached skill level 4 in Spellcasting
  3904 | D:3      | HP: 1/46 [orc priest/divine providence (14)]
  3914 | D:3      | HP: 1/46 [orc (1)]
  3919 | D:2      | HP: 1/46 [orc (1)]
  4453 | D:3      | Reached XP level 7. HP: 38/50 MP: 0/0
  4453 | D:3      | Learned a level 3 spell: Lesser Beckoning
  5081 | D:4      | Found a blossoming altar of Fedhas.
  5162 | D:4      | Found a staircase to the Ecumenical Temple.
  5184 | Temple   | Entered the Ecumenical Temple
  5291 | Temple   | Became a worshipper of Makhleb the Destroyer
  5369 | D:4      | HP: 4/50 [wight (3)]
  5845 | D:4      | Reached skill level 5 in Spellcasting
  6400 | D:5      | Entered Level 5 of the Dungeon
  6434 | D:5      | HP: 1/50 [white imp/puff of frost (16)]
  6434 | D:5      | Demolished by an ogre

Vanquished Creatures
  An ice beast (D:3)
  5 wights (D:4)
  A howler monkey (D:3)
  2 orc priests (D:3)
  An orc wizard (D:3)
  3 gnolls (D:2)
  5 adders
  6 dart slugs
  12 orcs
  4 bats
  4 endoplasms
  3 giant cockroaches
  6 goblins
  5 hobgoblins
  4 jackals (D:1)
  4 kobolds
  4 ball pythons
  2 frilled lizards
  3 rats
75 creatures vanquished.

Vanquished Creatures (others)
  122 foxfires
  A fungus (D:2)
  4 toadstools (D:2)
127 creatures vanquished.

Grand Total: 202 creatures vanquished
